 Dungeon Crawl Stone Soup version 0.28-a0-883-gc8d7bad45d (webtiles) character file.

Game seed: 962362141759848919

70 ytrimaz the Skirmisher (level 4, -10/35 HPs)
             Began as a Demonspawn Fighter on Nov 22, 2021.
             Killed by nerve-wracking pain
             ... invoked by an orc priest
              (13 damage)
             ... on level 3 of the Dungeon.
             The game lasted 00:01:51 (2945 turns).

ytrimaz the Skirmisher (Demonspawn Fighter)         Turns: 2945, Time: 00:01:52

Health: -10/35     AC: 10    Str: 15 (17) XL:     4   Next: 4%
Magic:  4/4        EV:  9    Int:  7 (10) God:
Gold:   79         SH:  4    Dex: 11 (12) Spells: 3/3 levels left

rFire   . . .      SeeInvis .   a - +0 flail
rCold   . . .      Faith    .   c - +0 buckler
rNeg    . . .      Spirit   .   b - +0 scale mail
rPois   .          Reflect  .   (no helmet)
rElec   .          Harm     .   (no cloak)
rCorr   .          Rampage  .   (no gloves)
Will    .....                   (no boots)
Stlth   ..........              (no amulet)
HPRegen 0.11/turn               i - +4 ring of protection
MPRegen 0.09/turn               (no ring)

@: no status effects
A: foul stench 1, powered by pain 1
a: no special abilities


You were on level 3 of the Dungeon.
You visited 1 branch of the dungeon, and saw 3 of its levels.

You collected 79 gold pieces.

Inventory:

Hand Weapons
 a - a +0 flail (weapon)
Armour
 b - a +0 scale mail (worn)
 c - a +0 buckler (worn)
Jewellery
 h - a ring of positive energy
 i - a +4 ring of protection (left hand)
Scrolls
 g - a scroll of silence
Potions
 d - a potion of might


   Skills:
 + Level 3.5 Fighting
 + Level 2.5 Maces & Flails
 + Level 3.3 Armour
 + Level 3.1 Shields


You had 3 spell levels left.
You didn't know any spells.
Your spell library contained the following spells:

 Spells                   Type           Power      Damage    Failure   Level
 Animate Skeleton         Necr           0%         N/A       89%         1
 Pain                     Necr           0%         1d4       89%         1
 Vampiric Draining        Necr           0%         2d6       99%         3


Dungeon Overview and Level Annotations

Branches:
Dungeon (3/15)

Altars:
Cheibriados


Innate Abilities, Weirdness & Mutations

You may rarely emit foul miasma when damaged in melee.
You sometimes gain a little power by taking damage.


Message History

The orc priest barely misses you. x2
You barely miss the orc priest.
The orc priest is lightly wounded.
The orc priest hits you with a +0 club.
You hit the orc priest.
The orc priest is heavily wounded.
The orc closely misses you. You block the orc priest's attack.
Something hits you.
An orc comes into view. It is wielding a +0 dagger.
An orc comes into view. It is wielding a +0 falchion.
The orc closely misses you.
You closely miss the orc priest.
The orc priest is heavily wounded.
The orc shouts!
You hear a shout!
You hear some strange, mumbled words.
Something tries to affect you, but you resist.
The orc priest barely misses you. The orc barely misses you.
Something hits you but does no damage. The orc priest barely misses you.
You hit the orc priest but do no damage.
The orc priest is heavily wounded.
You block the orc's attack.
The orc priest hits you but does no damage.
Unknown command.
You hit the orc priest but do no damage.
The orc priest is heavily wounded.
The orc hits you but does no damage. Something hits you but does no damage.
The orc priest mumbles some strange prayers to Beogh against you.
Beogh smites you!
* * * LOW HITPOINT WARNING * * *
The orc hits you but does no damage.
You hit the orc priest.
The orc priest is severely wounded.
The orc priest barely misses you. The orc hits you with a +0 dagger.
* * * LOW HITPOINT WARNING * * *
You block the orc priest's attack.
You barely miss the orc priest.
The orc priest is severely wounded.
The orc hits you but does no damage. The orc barely misses you.
The orc priest mumbles some strange prayers to Beogh against you.
Pain shoots through your body!
You die...

#...≈≈≈≈≈)..#
#.###≈≈≈###.#
#####.# ##_##
#.#########..
......# ###
#...........#
.######
#..########.#
.# ###
######..#######
.# #..
..............#
.# #.#
######o.#####.#
## #.#
..)....@o#
#####.##
..###.#oo#
##..... #.#..#
##.##.# .#
#.#..#
...##<###.#
......
#..##.....# .
#.>..
........###
##.##
#...##.......
..
........####.


You could see an orc priest and 3 orcs.

Vanquished Creatures
  An adder (D:2)
  A gnoll (D:1)
  A worm (D:2)
  2 dart slugs
  3 ball pythons
  5 bats
  9 endoplasms
  2 giant cockroaches (D:1)
  2 goblins
  5 hobgoblins
  A kobold (D:1)
  3 quokkas
  3 rats (D:2)
38 creatures vanquished.

Notes
Turn   | Place    | Note
-------+----------+-------------------------------------------
     0 | D:1      | ytrimaz the Demonspawn Fighter began the quest for the Orb.
     0 | D:1      | Reached XP level 1. HP: 18/18 MP: 1/1
    23 | D:1      | Gained mutation: You may rarely emit foul miasma when
                  | damaged in melee. [demonic ancestry]
    23 | D:1      | Reached XP level 2. HP: 16/24 MP: 2/2
  1144 | D:1      | Reached XP level 3. HP: 29/29 MP: 3/3
  2160 | D:2      | Found a faded altar of an unknown god.
  2879 | D:3      | Found a snail-covered altar of Cheibriados.
  2885 | D:3      | Gained mutation: You sometimes gain a little power by
                  | taking damage. [demonic ancestry]
  2885 | D:3      | Reached XP level 4. HP: 33/35 MP: 4/4
  2945 | D:3      | Killed from afar by an orc priest

Illustrated notes

Levels and vault maps discovered:
D:1:      minmay_arrival_solitary_statue, layout_basic, serial_glass,
          glass_columns_a, glass_columns_b, minmay_pentomino_p4
D:2:      layout_basic, shapermc_ecumenical_altar_notcrosses,
          kennysheep_generic_room_2
D:3:      minmay_evil_eye, layout_loops_ring, bloody_trog,
          kennysheep_slug_shrine, mainiacjoe_overflow_boulevard,
          corexii_leaking_fountain, uniq_terence

Skill      XL: |  1  2 |
---------------+-------+-----
Armour         | 3 |  3.3
Maces & Flails | 2 |  2.5
Shields        | 3 |  3.1
Fighting       | |  3.5

Action                   |  1- 3 |  4- 6 || total
-------------------------+-------+-------++-------
Melee: Flail             |    94 |    13 ||   107
  Use: Scroll            |     5 |       ||     5
       Potion            |     4 |       ||     4
Armor: Scale mail        |    38 |     8 ||    46
Dodge: Dodged            |    59 |    11 ||    70
Block: Buckler           |    21 |     4 ||    25

Table legend: (Time is in decaauts)
 A = Elapsed time spent in this place.
 B = Non-inter-level travel time spent in this place.
 C = Inter-level travel time spent in this place.
 D = Time resting spent in this place.
 E = Time spent auto-exploring this place.
 F = Levels seen in this place.
 G = Mean time per level.
                   A        B        C        D        E       F      G
               +--------+--------+--------+--------+--------+-----+--------+
         Total |   2979 |   2909 |     70 |    716 |   1843 |   3 |  993.0 |
       Dungeon |   2979 |   2909 |     70 |    716 |   1843 |   3 |  993.0 |
               +--------+--------+--------+--------+--------+-----+--------+

Top non-repeatable levels by time:
     D:2: 1507 daAuts
     D:1: 1366 daAuts
     D:3: 106 daAuts
